 Dungeon Crawl Stone Soup version 0.15-b1-82-g4aef8f9 (webtiles) character file.

12404 stanze the Thaumaturge (level 11, -9/56 HPs)
             Began as a Gargoyle Ice Elementalist on Aug 12, 2014.
             Was an Elder of Vehumet.
             Mangled by a death yak (10 damage)
             ... on Level 2 of the Lair of Beasts on Aug 16, 2014.
             The game lasted 03:57:21 (21119 turns).

stanze the Thaumaturge (Gargoyle Ice Elementalist) Turns: 21119, Time: 03:57:21

HP  -9/56        AC 11     Str 18      XL: 11   Next: 92%
MP   0/30        EV 14     Int 19      God: Vehumet [****..]
Gold 296         SH  0     Dex  9      Spells: 13 memorised,  1 level left

rFire  . . .     SeeInvis .     n - +2 whip (freeze)
rCold  . . .     Clarity  .     a - +1 robe
rNeg   + . .     rCorr    .     (no shield)
rPois  +         rRot     +     (no helmet)
rElec  +         Spirit   .     m - +0 cloak
SustAb .         Warding  .     (no gloves)
rMut   .         Stasis   .     (no boots)
Gourm  .                        (no amulet)
MR     .....                    G - ring of stealth
                                c - +2 ring of evasion

@: mighty, very slightly contaminated, hasted, very quick, not resistant to
hostile enchantments, fairly stealthy
A: negative energy resistance 1, electricity resistance, unbreathing,
petrification resistance, rot immunity, AC +7
a: Renounce Religion


You were on level 2 of the Lair of Beasts.
You worshipped Vehumet.
Vehumet was greatly pleased with you.
You were hungry.

You visited 3 branches of the dungeon, and saw 13 of its levels.

You collected 750 gold pieces.

Inventory:

Hand weapons
 n - a +2 whip of freezing (weapon)
 p - a +0 blowgun
 C - a +2 flail of holy wrath
Missiles
 d - 278 stones (quivered)
 r - 50 poisoned needles
 Q - 5 needles of sleeping
Armour
 a - a +1 robe (worn)
 m - a +0 cloak (worn)
Magical devices
 b - a wand of cold (5)
 x - a wand of flame (24)
Comestibles
 g - 6 rotting chunks of yak flesh
 h - 3 meat rations
 k - 5 rotting chunks of yak flesh
 u - 2 bread rations
 J - 3 royal jellies
Scrolls
 i - 7 scrolls of identify
 j - a scroll of magic mapping
 t - a scroll of enchant armour
 M - 2 scrolls of remove curse
Jewellery
 c - a +2 ring of evasion (left hand)
 G - a ring of stealth (right hand)
Potions
 q - a potion of haste
 D - a potion of might
 E - a potion of restore abilities
Books
 s - a book of Spatial Translocations

   Spells                             Type                      Level
   *Apportation                       Translocation                1
   *Blink                             Translocation                2
   Shroud of Golubria                 Charms/Translocation         2
   Portal Projectile                  Translocation                3
   Teleport Other                     Translocation                3
   Passage of Golubria                Translocation                4
 w - a book of Necromancy

   Spells                             Type                      Level
   Pain                               Necromancy                   1
   *Animate Skeleton                  Necromancy                   1
   Vampiric Draining                  Necromancy                   3
   Regeneration                       Charms/Necromancy            3
   Animate Dead                       Necromancy                   4
   Control Undead                     Necromancy                   4
 z - a book of Conjurations

   Spells                             Type                      Level
   Magic Dart                         Conjuration                  1
   *Searing Ray                       Conjuration                  2
   Dazzling Spray                     Conjuration/Hexes            3
   Fulminant Prism                    Conjuration/Hexes            4
   Iskenderun's Mystic Blast          Conjuration                  4
   Iskenderun's Battlesphere          Conjuration/Charms           5
 A - a book of Minor Magic

   Spells                             Type                      Level
   Magic Dart                         Conjuration                  1
   *Blink                             Translocation                2
   Call Imp                           Summoning                    2
   *Repel Missiles                    Charms/Air                   2
   Slow                               Hexes                        2
   Conjure Flame                      Conjuration/Fire             3
   *Mephitic Cloud                    Conjuration/Poison/Air       3
Miscellaneous
 y - a plain deck of wonders {drawn: 3}
 K - a fan of gales (inert)
 R - a stone of tremors (inert)


   Skills:
 + Level 1.4 Fighting
 + Level 1.4 Maces & Flails
 + Level 2.2 Throwing
 + Level 3.6 Dodging
 + Level 3.7 Stealth
 * Level 10.6 Spellcasting
 * Level 7.4 Conjurations
 * Level 4.8 Charms
 + Level 1.0 Summonings
 + Level 2.8 Necromancy
 * Level 10.2 Ice Magic
 + Level 0.4 Evocations


You had one spell level left.
You knew the following spells:

 Your Spells              Type           Power        Failure   Level  Hunger
a - Freeze                Ice            ####         1%          1    None
b - Throw Frost           Conj/Ice       #####.       1%          2    None
c - Ozocubu's Armour      Chrm/Ice       #####...     1%          3    None
d - Condensation Shield   Ice            #####.....   1%          4    ##.....
e - Throw Icicle          Conj/Ice       #####...     1%          4    ##.....
f - Animate Skeleton      Necr           N/A          2%          1    None
g - Blink                 Tloc           N/A          12%         2    None
h - Flame Tongue          Conj/Fire      ###..        1%          1    None
i - Summon Ice Beast      Ice/Summ       ####....     10%         4    ##.....
j - Searing Ray           Conj           #####.       1%          2    None
k - Repel Missiles        Chrm/Air       ###...       4%          2    None
l - Apportation           Tloc           ##........   10%         1    None
m - Mephitic Cloud        Conj/Pois/Air  ###.....     2%          3    None


Dungeon Overview and Level Annotations

Branches:
Dungeon (9/15)             Temple (1/1) D:4             Orc (0/4) D:9
   Lair (3/8) D:8
  Swamp: Lair:3-6    Shoals: Lair:3-6     Snake: Lair:3-6    Spider: Lair:3-6

Altars:
Ashenzari
Cheibriados
Dithmenos
Elyvilon
Fedhas
Kikubaaqudgha
Makhleb
Nemelex Xobeh
Okawaru
Qazlal
Sif Muna
Trog
Vehumet
Xom
Yredelemnul
Zin
The Shining One
Lugonu

Shops:
D:7 *


Innate Abilities, Weirdness & Mutations

You are resistant to torment.
You are immune to poison.
Your stone body is very resilient (AC +7).
You resist negative energy.
You are resistant to electric shocks.
You can survive without breathing.
You are immune to petrification.
You are immune to rotting.


Message History

The yak is heavily wounded.
Casting: Mephitic Cloud
Confirm with . or Enter, or press ? or * to list all spells.
You blink.
The yak gores the death yak!
Your icy armour starts to melt.
You are feeling hungry.
The death yak bellows!
The death yak closely misses you.
Casting: Blink
Confirm with . or Enter, or press ? or * to list all spells.
You blink.
The death yak gores you but does no damage.
The death yak gores you.
Your icy armour evaporates.
The death yak barely misses you. The death yak gores you!!
* * * LOW HITPOINT WARNING * * *
The death yak gores you!
You die...

....###.#.....###...##.........#.
....#####............#.#.......##
..............#.......##[......#
..........######.....#####.....##
#.#..#P#### #.#.###.# ###...#.
######## ###.# ### ##)...# ###
###ยง# #### #...... #.## #P.Y#
#..# ##..##..
##.#########@.###..###..###.<
#.Y(.Y..###Y.##...##....##.#
#PP#Y#..#PY..###.....##.##Z#
#####......P.# ##...####....
####..#### #..P# ###.# #### #P###
##.# ### #..# ##.# #/P


You could see 3 death yaks.

Vanquished Creatures
  A hydra (Lair:2)
  Psyche (D:8)
  A fire drake (Lair:3)
  2 komodo dragons
  5 blink frogs (Lair:2)
  A vampire (D:9)
  A hippogriff (Lair:2)
  17 yaks
  2 wolves (Lair:2)
  2 water moccasins
  An orc warrior (D:2)
  2 black bears
  2 porcupines (Lair:1)
  A phantom (D:7)
  A sky beast (D:8)
  2 centaurs
  3 ogres
  A necrophage (D:7)
  3 crocodiles
  3 big kobolds
  9 giant frogs
  A scorpion (D:5)
  The ghost of timbw the Skirmisher, a weakling OgFi (D:3)
  A yak zombie (D:8)
  A yak skeleton (Lair:1)
  4 crimson imps
  5 orc priests
  6 hounds
  3 jellies
  A centaur zombie (D:7)
  A giant frog skeleton (D:4)
  3 iguanas
  8 orc wizards
  4 worker ants
  5 sheep
  Terence (D:3)
  A hound skeleton (D:4)
  A gnoll (D:6)
  20 adders
  24 green rats
  An inept item mimic (D:9)
  2 shadow imps
  3 worms
  An adder skeleton (Lair:1)
  A sheep skeleton (Lair:1)
  4 giant geckos
  30 orcs
  13 bats
  A bat zombie (D:7)
  6 giant cockroaches
  A gnoll zombie (D:6)
  A green rat skeleton (Lair:1)
  14 hobgoblins
  10 jackals
  18 kobolds
  An ooze (D:4)
  6 quokkas
  2 ball pythons
  4 giant newts
  2 giant newt skeletons (D:4)
  2 giant spores
  7 goblins
  A jackal skeleton (D:4)
  3 quokka skeletons (Lair:1)
  A quokka zombie (D:8)
  23 rats
  A rat skeleton (D:4)
  A ballistomycete (D:6)
312 creatures vanquished.

Vanquished Creatures (collateral kills)
  A death yak (Lair:2)
  A merfolk (Lair:2)
  18 yaks
  A hungry ghost (D:8)
  A wolf (Lair:2)
  2 porcupines (Lair:2)
  2 water moccasins
  An ice beast (D:7)
  A phantom (D:5)
  An ogre (D:5)
  2 giant frogs
  An eye of draining (D:9)
  2 electric eels (D:7)
  A goliath beetle (D:6)
  A hound (Lair:1)
  A worker ant (D:6)
  5 sheep
  A mummy (D:9)
  A worker ant zombie (D:7)
  14 green rats
  3 adders
  An orc zombie (D:8)
  A goblin (D:7)
  A hobgoblin (D:6)
  4 quokkas
  A giant gecko (D:9)
  A gnoll zombie (D:6)
  A jackal skeleton (D:5)
  2 kobolds (D:9)
  A ballistomycete (D:6)
  4 fungi
  4 plants
82 creatures vanquished.

Vanquished Creatures (others)
  A death yak skeleton (Lair:2)
  An air elemental (Lair:2)
  A naga (Lair:2)
  6 ice beasts
  3 blink frog skeletons (Lair:2)
  A fire drake skeleton (Lair:3)
  8 yak skeletons
  A hippogriff skeleton (Lair:2)
  3 giant frog skeletons
  2 wolf skeletons (Lair:2)
  A human skeleton (D:8)
  3 hound skeletons
  4 adder skeletons
  An iguana skeleton (Lair:2)
  4 orc skeletons
  2 sheep skeletons
  A bat skeleton (D:6)
  A giant newt skeleton (D:6)
  2 goblin skeletons
  13 green rat skeletons
  2 hobgoblin skeletons
  3 jackal skeletons (D:7)
  2 kobold skeletons (D:7)
  A quokka skeleton (Lair:2)
  2 plants (D:7)
69 creatures vanquished.

Grand Total: 463 creatures vanquished

Notes
Turn   | Place    | Note
--------------------------------------------------------------
     0 | D:1      | stanze, the Gargoyle Ice Elementalist, began the quest for the Orb.
     0 | D:1      | Reached XP level 1. HP: 10/10 MP: 3/3
   212 | D:1      | Reached XP level 2. HP: 15/15 MP: 1/4
   247 | D:1      | Learned a level 2 spell: Throw Frost
  1068 | D:2      | Reached XP level 3. HP: 19/19 MP: 0/6
  1073 | D:2      | Learned a level 3 spell: Ozocubu's Armour
  1959 | D:2      | Reached XP level 4. HP: 24/24 MP: 0/8
  2441 | D:3      | Noticed an orc warrior
  2549 | D:3      | Reached skill level 4 in Ice Magic
  2549 | D:3      | Reached XP level 5. HP: 17/28 MP: 0/11
  2555 | D:3      | Learned a level 4 spell: Condensation Shield
  3036 | D:3      | Noticed timbw's ghost (weakling OgFi)
  3054 | D:3      | Killed timbw's ghost
  3833 | D:2      | Reached XP level 6. HP: 25/33 MP: 0/13
  4396 | D:2      | Killed an orc warrior
  4910 | D:3      | Noticed Terence
  4917 | D:3      | Killed Terence
  4917 | D:3      | Reached skill level 5 in Ice Magic
  4917 | D:3      | Reached XP level 7. HP: 37/37 MP: 5/17
  4931 | D:3      | Learned a level 4 spell: Throw Icicle
  5646 | D:4      | Reached skill level 1 in Throwing
  5741 | D:4      | Found a staircase to the Ecumenical Temple.
  5754 | Temple   | Entered the Ecumenical Temple
  5857 | Temple   | Became a worshipper of Vehumet
  6516 | D:4      | Reached skill level 5 in Spellcasting
  6749 | D:4      | Found a sparkling altar of Nemelex Xobeh.
  6761 | D:4      | Learned a level 1 spell: Animate Skeleton
  6982 | D:4      | Found a deep blue altar of Sif Muna.
  7337 | D:5      | Entered Level 5 of the Dungeon
  7344 | D:5      | Reached XP level 8. HP: 42/42 MP: 6/20
  7347 | D:5      | Learned a level 1 spell: Pain
  8309 | D:5      | Reached skill level 6 in Ice Magic
  9027 | D:6      | Acquired Vehumet's first power
  9027 | D:6      | Offered knowledge of Flame Tongue by Vehumet.
  9036 | D:6      | Learned a level 1 spell: Flame Tongue
  9386 | D:6      | Found a basalt altar of Yredelemnul.
  9631 | D:6      | Reached skill level 1 in Charms
  9798 | D:6      | Reached XP level 9. HP: 33/46 MP: 12/23
  9995 | D:6      | Reached skill level 1 in Necromancy
 10020 | D:6      | Upgraded the game from 0.15-b1-58-g4898494 to 0.15-b1-63-g828a17f
 10208 | D:7      | Learned a level 4 spell: Summon Ice Beast
 10252 | D:7      | Found Zin's Purification Station.
 10255 | D:7      | Found a glowing silver altar of Zin.
 10318 | D:7      | Reached skill level 7 in Spellcasting
 11104 | D:6      | Reached skill level 5 in Conjurations
 12265 | D:7      | Found a glowing golden altar of the Shining One.
 12269 | D:7      | Found a snail-covered altar of Cheibriados.
 12271 | D:7      | Found a bloodstained altar of Trog.
 12297 | D:7      | Learned a level 2 spell: Searing Ray
 12518 | D:8      | Reached skill level 8 in Spellcasting
 12576 | D:8      | Reached XP level 10. HP: 51/51 MP: 19/26
 12589 | D:8      | Learned a level 2 spell: Repel Missiles
 12775 | D:8      | Upgraded the game from 0.15-b1-63-g828a17f to 0.15-b1-71-g5463ceb
 12775 | D:8      | Offered knowledge of Sandblast by Vehumet.
 12923 | D:8      | Noticed Psyche
 12930 | D:8      | Killed Psyche
 12930 | D:8      | Reached skill level 1 in Maces & Flails
 13455 | D:8      | Found a staircase to the Lair.
 13457 | D:8      | Noticed a komodo dragon
 13487 | D:8      | Killed a komodo dragon
 13505 | Lair:1   | Entered Level 1 of the Lair of Beasts
 14592 | Lair:1   | Reached skill level 9 in Spellcasting
 14906 | Lair:1   | Learned a level 1 spell: Sandblast
 15549 | Lair:2   | Offered knowledge of Stone Arrow by Vehumet.
 15807 | Lair:2   | Reached XP level 11. HP: 30/55 MP: 3/29
 15967 | Lair:2   | Reached skill level 1 in Fighting
 16022 | Lair:2   | Acquired Vehumet's second power
 16671 | Lair:2   | Learned a level 3 spell: Mephitic Cloud
 17495 | Lair:3   | Offered knowledge of Static Discharge by Vehumet.
 17728 | Lair:3   | Reached skill level 10 in Spellcasting
 17914 | Lair:3   | Noticed a death yak
 17914 | Lair:3   | Noticed a death yak
 17917 | Lair:3   | Noticed a death yak
 17918 | Lair:3   | Noticed a death yak
 17918 | Lair:3   | Noticed a death yak
 17918 | Lair:3   | Noticed a death yak
 17923 | Lair:3   | Upgraded the game from 0.15-b1-71-g5463ceb to 0.15-b1-75-g4bcc167
 17935 | Lair:2   | Killed a death yak
 18355 | D:8      | Your ally Psyche died
 18439 | D:8      | Learned a level 2 spell: Blink
 18866 | D:8      | Upgraded the game from 0.15-b1-75-g4bcc167 to 0.15-b1-82-g4aef8f9
 19524 | D:9      | Found a staircase to the Orcish Mines.
 19629 | D:9      | Reached skill level 1 in Summonings
 19854 | D:9      | Found a stormy altar of Qazlal.
 20105 | D:9      | Found a shattered altar of Ashenzari.
 20184 | D:9      | Acquired Vehumet's third power
 20429 | D:9      | Learned a level 1 spell: Apportation
 20613 | Lair:2   | Noticed a four-headed hydra
 20619 | Lair:2   | Killed a four-headed hydra
 20619 | Lair:2   | Reached skill level 10 in Ice Magic
 21037 | Lair:2   | Your ally Bodwip died
 21119 | Lair:2   | HP: 1/56 [death yak (21)]
 21119 | Lair:2   | Mangled by a death yak

Action                   |  1- 3 |  4- 6 |  7- 9 | 10-12 || total
-------------------------+-------+-------+-------+-------++-------
Melee: Hand axe          |    42 |       |       |       ||    42
       Whip              |     2 |    28 |    69 |   118 ||   217
       Flail             |       |       |    54 |    23 ||    77
Throw: Stone             |    74 |    33 |    28 |     7 ||   142
       Tomahawk          |       |       |    12 |    63 ||    75
 Cast: Freeze            |    35 |    66 |    89 |   175 ||   365
       Throw Frost       |    12 |    39 |    77 |    68 ||   196
       Ozocubu's Armour  |     3 |     4 |     9 |    11 ||    27
       Throw Icicle      |       |       |    51 |    84 ||   135
       Animate Skeleton  |       |       |    27 |    69 ||    96
       Condensation Shie |       |       |     5 |     1 ||     6
       Summon Ice Beast  |       |       |     2 |    34 ||    36
       Flame Tongue      |       |       |     2 |     7 ||     9
       Mephitic Cloud    |       |       |       |     5 ||     5
       Blink             |       |       |       |     5 ||     5
Evoke: Wand              |       |       |     2 |     5 ||     7
       Deck              |       |       |     1 |     2 ||     3
       Fan of gales      |       |       |       |     1 ||     1
       Stone of tremors  |       |       |       |     1 ||     1
  Use: Scroll            |     3 |     3 |    10 |    11 ||    27
       Potion            |     1 |     2 |     5 |    15 ||    23
 Stab: Sleeping          |       |       |       |     3 ||     3
       Distracted        |       |       |       |     1 ||     1
  Eat: Chunk             |     5 |     7 |    24 |    20 ||    56
       Bread ration      |       |     1 |     2 |     1 ||     4
       Beef jerky        |       |     1 |     1 |       ||     2
       Fruit             |       |       |     2 |     8 ||    10
       Pizza             |       |       |       |     1 ||     1
